Map: Catalyst LE

Players

Test

  • Race: Terran Terran
  • League: Silver
  • Spawn Location: 11:00

Blaze - Winner!

  • Race: Protoss Protoss
  • League: Gold
  • Spawn Location: 5:00

VOD

Have the link to the VOD?

Description

Time

  • Played on: May 16, 2018, 3:23 p.m.
  • Length: 4:13
Show
View Real Time Build Order
Export as new Build Order

Test Terran 

Build Orders:  

Get SALT Encoding   

  12  0:00  SCV  
  13  0:13  SCV  
  14  0:19  Supply Depot  
  14  0:25  SCV  
  15  0:30  Refinery  
  15  0:40  SCV  
  16  0:50  Barracks  
  16  0:52  SCV  
  17  1:05  Barracks  
  17  1:09  SCV  
  18  1:21  SCV  
  19  1:32  Barracks  
  20  1:41  Marine  
  20  1:57  Marine  
  20  1:59  Marine  
  22  2:13  SCV  
  22  2:14  Barracks  
  23  2:19  Barracks Reactor  
  23  2:25  Supply Depot  
  23  2:28  Barracks Reactor  
  23  2:43  Marine  
  20  2:54  Marine  
  17  3:01  Marine  
  17  3:03  Marine  
  16  3:11  Marine  
  17  3:15  Marine  
  17  3:19  Marine  
  16  3:21  Marine  
  11  3:36  Marine  
  11  3:39  Marine  
  7  3:54  Marine  
Show
View Real Time Build Order
Export as new Build Order

Blaze Protoss - Winner!

Build Orders:  

Get SALT Encoding   

  12  0:03  Probe  
  13  0:15  Probe  
  14  0:23  Pylon  
  14  0:38  Probe  
  14  0:39  Pylon  
  15  0:53  Probe  
  16  1:00  Gateway  
  16  1:02  Gateway  
  16  1:13  Gateway  
  16  1:22  Gateway  
  16  1:40  Pylon  
  16  1:49  Zealot x2  
  20  1:57  Zealot  
  22  2:02  Zealot  
  22  2:09  Zealot  
  24  2:16  Zealot  
  24  2:18  Zealot  
  28  2:58  Zealot x3  
  28  3:03  Zealot  
  30  3:29  Zealot  
  30  3:37  Zealot  
  30  3:43  Zealot  
Tags
 
Add a new tag
Caveats
  • Supply blocks, unpowered buildings, or Contaminate may cause inaccurate times.
  • Supply counts are checked every 10 seconds.